 Dungeon Crawl Stone Soup version 0.28-a0-1567-g1695149f81 (webtiles) character file.

Game seed: 4342778049930098856

308 porpoise the Magician (level 6, -5/47 HPs)
             Began as a Djinni Conjurer on Jan 20, 2022.
             Slain by a wight (9 damage)
             ... on level 4 of the Dungeon.
             The game lasted 00:11:52 (4401 turns).

porpoise the Magician (Djinni Conjurer)             Turns: 4401, Time: 00:11:52

Health: -5/47      AC:  3    Str:  8    XL:     6   Next: 68%
Gold:   180        EV: 12    Int: 19    God:
                   SH:  0    Dex: 12

rFire   + + .      SeeInvis .   b - +0 hunting sling (vorpal)
rCold   x . .      Faith    .   (no shield)
rNeg    . . .      Spirit   .   a - +0 robe
rPois   ∞          Reflect  .   o - +0 helmet
rElec   .          Harm     .   (no cloak)
rCorr   .          Rampage  .   (no gloves)
Will    .....                   (boots unavailable)
Stlth   ++........              (no amulet)
HPRegen 0.15/turn               (no ring)
MPRegen 0.00/turn               (no ring)

@: flying
A: sickness immunity, fire resistance 2, cold vulnerability 1, float, innate
caster, hp casting, extra vitality 1
a: no special abilities


You were on level 4 of the Dungeon.
You visited 1 branch of the dungeon, and saw 4 of its levels.

You collected 180 gold pieces.

Inventory:

Hand Weapons
 b - a +0 vorpal hunting sling (weapon)
Missiles
 c - 14 arrows
 f - 25 bolts
 i - 3 throwing nets
 j - 4 atropa-tipped darts
 p - 285 stones (quivered ammo)
Armour
 a - a +0 robe (worn)
 o - a +0 helmet (worn)
Wands
 r - a wand of acid (8)
Scrolls
 e - a scroll of teleportation
 g - a scroll of noise
 q - a scroll of immolation {unknown}
 s - a scroll of vulnerability {unknown}
Potions
 d - 3 potions of attraction
 h - a potion of berserk rage
 k - a potion of might
 l - a potion of heal wounds {unknown}
 n - a potion of mutation {unknown}


   Skills:
 * Level 3.8 Fighting
 - Level 2.1 Dodging
 + Level 2.9 Stealth
 * Level 4.4 Spellcasting


You couldn't memorise any spells.
You knew the following spells:

 Your Spells              Type           Power      Damage    Failure   Level
a - Magic Dart            Conj           84%        1d7       2%          1
b - Searing Ray           Conj           42%        2d6       3%          2
c - Dazzling Flash        Conj/Hex       42%        N/A       6%          3
d - Fulminant Prism       Conj/Hex       10%        3d9       22%         4
e - Iskenderun's Mystic   Conj/Tloc      21%        2d6       22%         4
f - Freeze                Ice            84%        1d10      2%          1
r - Corpse Rot            Necr/Air       42%        N/A       3%          2
Your spell library was empty.

Dungeon Overview and Level Annotations

Branches:
Dungeon (4/15)
 Temple: D:4-7

Altars:
Nemelex Xobeh
Wu Jian

Shops:
D:3 :   D:4 =


Innate Abilities, Weirdness & Mutations

You are immune to sickness and miasma.
You are immune to poison.
Your flesh is very heat resistant. (rF++)
You are vulnerable to cold. (rC-)
You float through the air rather than walking.
You learn spells naturally, not from books.
Your magical power is your life essence.
You have superior vitality. (+4 MHP)


Message History

The searing ray hits the wight.
The wight is severely damaged.
The wight hits you with a +0 hand axe.
The searing ray hits the wight.
The wight is almost destroyed.
The wight closely misses you. x2
The searing ray hits the wight.
You destroy the wight!
You finish channelling your searing ray.
The wight closely misses you. The wight barely misses you.
Casting: Searing Ray (safe; 3% risk of failure)
Confirm with . or Enter, or press ? or * to list all spells.
Aiming: Searing Ray (safe; 3% risk of failure)
Press: ? - help, Shift-Dir - straight line, f - wight
Aim: a wight, wielding a +2 spear of freezing and wearing a +0 robe (78% to hit)
The searing ray hits the wight.
The wight is almost destroyed.
The searing ray hits the wight but does no damage. (Press . to maintain the ray.)
The searing ray hits the wight.
You destroy the wight!
The searing ray hits the wight.
The wight is moderately damaged.
The wight hits you from afar with a +2 spear of freezing.
The wight freezes you.
* * * LOW HITPOINT WARNING * * *
The searing ray hits the wight.
The wight is moderately damaged.
* * * LOW HITPOINT WARNING * * *
The wight hits you from afar with a +2 spear of freezing.
* * * LOW HITPOINT WARNING * * *
The wight freezes you.
* * * LOW HITPOINT WARNING * * *
The searing ray hits the wight.
The wight is severely damaged.
* * * LOW HITPOINT WARNING * * *
You finish channelling your searing ray.
The wight hits you from afar with a +2 spear of freezing!
You die...

#..# ##.###..#
.......)###
#.#####...# #.#.#
#.#.# #.z.# ##).#
#@.# # #..# # #..#
# #######..# ### .
.........# ..#
.#########..#
.#................#
..#####.########..#
#.# #.# #..#


You could see a wight.

Vanquished Creatures
  2 wights (D:4)
  An orc wizard (D:4)
  Robin (D:3)
  8 gnolls
  An adder (D:2)
  A dart slug (D:4)
  2 orcs (D:4)
  4 ball pythons
  5 bats
  8 endoplasms
  3 giant cockroaches
  14 goblins
  9 hobgoblins
  11 jackals
  2 quokkas
  19 frilled lizards
  6 kobolds
  9 rats
106 creatures vanquished.

Vanquished Creatures (others)
  7 plants (D:3)
  A withered plant (D:2)
8 creatures vanquished.

Grand Total: 114 creatures vanquished

Notes
Turn   | Place    | Note
-------+----------+-------------------------------------------
     0 | D:1      | porpoise the Djinni Conjurer began the quest for the Orb.
     0 | D:1      | Reached XP level 1. HP: 15/15 MP: 0/0
   257 | D:1      | Reached XP level 2. HP: 19/22 MP: 0/0
   336 | D:1      | Reached skill level 1 in Fighting
   700 | D:1      | Reached XP level 3. HP: 25/27 MP: 0/0
   700 | D:1      | Learned a level 1 spell: Freeze
  1415 | D:2      | Reached XP level 4. HP: 16/33 MP: 0/0
  1909 | D:2      | Reached XP level 5. HP: 35/39 MP: 0/0
  1909 | D:2      | Learned a level 2 spell: Corpse Rot
  2159 | D:2      | Reached skill level 4 in Spellcasting
  2356 | D:2      | Found a faded altar of an unknown god.
  2741 | D:3      | Found a sparkling altar of Nemelex Xobeh.
  2752 | D:3      | Found Liuheotz's Book Emporium.
  3170 | D:3      | Found an ornate altar of the Wu Jian Council.
  3334 | D:3      | Noticed Robin
  3354 | D:3      | Killed Robin
  3363 | D:3      | Reached XP level 6. HP: 20/46 MP: 0/0
  4144 | D:4      | Found Zyvuahul's Jewellery Shoppe.
  4401 | D:4      | Slain by a wight

Illustrated notes

Levels and vault maps discovered:
D:1:      psy_arrival_statuary, layout_basic, minmay_pentomino_p2
D:2:      layout_basic, ebering_ecumenical_altar_petrified, minmay_3d_cube
D:3:      layout_rooms, nzn_wu_jian_contemplation,
          mainiacjoe_overflow_concentric_impassable, serial_shops, shop,
          serial_aquarium, aquarium_bridge_long_joined [aquarium_subvault_wall,
          aquarium_subvault_window, aquarium_subvault_bridge,
          aquarium_subvault_balcony, aquarium_subvault_bridge,
          aquarium_subvault_balcony], aquarium_bridge_square
          [aquarium_subvault_bridge, aquarium_subvault_bridge,
          aquarium_subvault_balcony, aquarium_subvault_bridge],
          aquarium_window_corridor_3, aquarium_window_fake, aquarium_window_2,
          aquarium_window_fake, aquarium_view_2c, hangedman_decor_growths,
          minmay_lizard_king, uniq_robin
D:4:      layout_loops_ring, tgw_kikubaaqudgha, serial_shops, shop

Skill      XL: |  1  2  3  4  5 |
---------------+----------------+-----
Fighting       | 1 2 3 |  3.8
Stealth        | 2 |  2.9
Spellcasting   | 4 |  4.4
Dodging        | |  2.1

Action                   |  1- 3 |  4- 6 || total
-------------------------+-------+-------++-------
 Fire: Hunting sling     |       |    10 ||    10
 Cast: Magic Dart        |    42 |    59 ||   101
       Searing Ray       |     8 |    23 ||    31
  Use: Scroll            |       |     5 ||     5
Armor: Robe              |     1 |     3 ||     4
Dodge: Dodged            |     2 |    21 ||    23

Table legend: (Time is in decaauts)
 A = Elapsed time spent in this place.
 B = Non-inter-level travel time spent in this place.
 C = Inter-level travel time spent in this place.
 D = Time resting spent in this place.
 E = Time spent auto-exploring this place.
 F = Levels seen in this place.
 G = Mean time per level.
                   A        B        C        D        E       F      G
               +--------+--------+--------+--------+--------+-----+--------+
         Total |   4404 |   4270 |    134 |   2015 |   1768 |   4 | 1101.0 |
       Dungeon |   4404 |   4270 |    134 |   2015 |   1768 |   4 | 1101.0 |
               +--------+--------+--------+--------+--------+-----+--------+

Top non-repeatable levels by time:
     D:1: 1738 daAuts
     D:3: 1106 daAuts
     D:2: 993 daAuts
     D:4: 566 daAuts
